 Dungeon Crawl Stone Soup version 0.17-a0-1393-gcb420ff (webtiles) character file.

139 Zwobot the Slasher (level 5, 30/30 HPs)
             Began as a Tengu Gladiator on June 16, 2015.
             Quit the game on level 2 of the Dungeon.
             The game lasted 00:05:52 (2480 turns).

Zwobot the Slasher (Tengu Gladiator)                Turns: 2480, Time: 00:05:52

Health: 30/30      AC:  3    Str: 15    XL:     5   Next: 22%
Magic:  6/6        EV: 14    Int:  9    God:
Gold:   78         SH:  0    Dex: 15    Spells: 0 memorised, 4 levels left

rFire  . . .     SeeInvis .     a - +1 long sword
rCold  . . .     Clarity  .     b - +0 leather armour
rNeg   . . .     SustAt   .     (no shield)
rPois  .         Gourm    .     c - +0 hat
rElec  .         Spirit   .     (no cloak)
rCorr  .         Warding  .     (no gloves)
rMut   +         Stasis   .     (boots unavailable)
MR     .....                    o - amulet of resist mutation
Stlth  +.........               (no ring)
                                (no ring)

@: not resistant to hostile enchantments, very unstealthy
A: beak, talons 3, able to fly 1
a: Fly


You were on level 2 of the Dungeon.
You were not hungry.

You visited 1 branch of the dungeon, and saw 2 of its levels.

You collected 78 gold pieces.

Inventory:

Hand weapons
 a - a +1 long sword (weapon)
Missiles
 i - 3 throwing nets (quivered)
 p - 15 stones
 q - 7 javelins
Armour
 b - a +0 leather armour (worn)
 c - a +0 hat (worn)
Jewellery
 o - an amulet of resist mutation (around neck)
Scrolls
 f - a scroll of remove curse
 l - a scroll of enchant weapon
 r - a scroll of immolation {unknown}
 s - a scroll of noise {unknown}
Potions
 g - 2 potions of curing
 h - a potion of magic {unknown}
 m - a potion of haste
 n - 2 potions of flight {unknown}
 u - a potion of heal wounds {unknown}
Comestibles
 d - a chunk of flesh
 e - a bread ration
 k - a slice of pizza
 t - a meat ration


   Skills:
 - Level 2.0 Fighting
 * Level 5.4 Long Blades
 - Level 2.1 Throwing
 + Level 4.6 Dodging


You had 4 spell levels left.
You didn't know any spells.

Dungeon Overview and Level Annotations

Branches:
Dungeon (2/15)

Altars:
Makhleb
Sif Muna


Innate Abilities, Weirdness & Mutations

You have a beak for a mouth.
You have claws for feet.
You can fly.


Message History

HP restored.
You start waiting.
You are feeling very hungry.
Things that are here:
a dagger; a rat skeleton You now have 78 gold pieces (gained 10).
A ball python comes into view.
A ball python is nearby!
You strike the helpless ball python from a blind spot!
You slash the ball python!
You kill the ball python!
No target in view!
You see here a ball python corpse.
You butcher the ball python corpse.
d - 2 chunks of flesh Eat one of 2 chunks of flesh? (ye/n/q/i?) This raw flesh tastes terrible.
You continue eating. x2
You don't know any spells.
Are you sure you want to abandon this character and quit the game? (Confirm with "yes".)

####. #...# #.##.##.# #.
#...# #..<....# # #...#
##.##.##.# ##.
#...####........#
...###)..##.#.)##.#..#
............#...).....###
..^........###.....#.##..
##..........#..##.......#
##.###.@.##.#.##.#####.#
.>. #...####>...# #.# ###
#...# ####.#####.# #...#
#.......##.# #...#
#.......##.# ####.###
#..........# #####
#..)...###..........#
#.#∩###
#.##.#...#.......#...
#.._..#
#.##.............####


There were no monsters in sight!

Vanquished Creatures
  Ijyb (D:2)
  A hound (D:2)
  2 adders
  3 oozes
  A worm (D:2)
  5 giant geckos
  3 giant cockroaches
  2 goblins (D:1)
  6 hobgoblins
  A ball python (D:2)
  8 bats
  3 giant newts
  6 kobolds
  4 rats
46 creatures vanquished.

Notes
Turn   | Place    | Note
--------------------------------------------------------------
     0 | D:1      | Zwobot the Tengu Gladiator began the quest for the Orb.
     0 | D:1      | Reached XP level 1. HP: 12/12 MP: 2/2
    58 | D:1      | Reached XP level 2. HP: 11/17 MP: 3/3
   629 | D:1      | Reached skill level 4 in Long Blades
   776 | D:1      | Reached XP level 3. HP: 11/21 MP: 4/4
  1482 | D:2      | Found a deep blue altar of Sif Muna.
  1858 | D:2      | Reached XP level 4. HP: 24/26 MP: 5/5
  2123 | D:2      | Noticed Ijyb
  2145 | D:2      | Killed Ijyb
  2145 | D:2      | Reached skill level 5 in Long Blades
  2152 | D:2      | Gained mutation: You can fly. [Tengu growth]
  2152 | D:2      | Reached XP level 5. HP: 6/30 MP: 6/6
  2155 | D:2      | Found a burning altar of Makhleb.
  2480 | D:2      | Quit the game

Vault maps used:
D:1:      dpeg_arrival_signposts
D:2:      makhleb_heckhound_becter, lemuel_blue_sif_altar, uniq_iyjb

Action                   |  1- 3 |  4- 6 || total
-------------------------+-------+-------++-------
Melee: Long sword        |    77 |    52 ||   129
Throw: Throwing net      |     3 |     3 ||     6
       Javelin           |     4 |     2 ||     6
 Abil: Fly               |       |     1 ||     1
  Use: Scroll            |     1 |     3 ||     4
       Potion            |       |     1 ||     1
 Stab: Sleeping          |     1 |       ||     1
       Distracted        |       |     1 ||     1
  Eat: Chunk             |     2 |     3 ||     5
